 Dungeon Crawl Stone Soup version 0.21.2 (webtiles) character file.

966 Moonlightfire the Poker (level 7, -13/61 HPs)
             Began as a Green Draconian Berserker on Feb 25, 2019.
             Was a Believer of Trog.
             Engulfed by a cloud of flame (18 damage)
             ... on level 7 of the Dungeon on Feb 26, 2019.
             The game lasted 01:20:14 (6387 turns).

Moonlightfire the Poker (Green Draconian Berserker) Turns: 6387, Time: 01:20:15

Health: -13/61     AC:  8    Str: 21    XL:     7   Next: 93%
Magic:  7/7        EV: 14    Int: 10    God:    Trog [**....]
Gold:   331        SH:  0    Dex: 11    Spells: 6/6 levels left

rFire    . . .     SeeInvis .   a - +0 spear
rCold    . . .     Gourm    .   (no shield)
rNeg     . . .     Faith    .   (armour unavailable)
rPois    +         Spirit   .   (helmet restricted)
rElec    .         Reflect  .   (no cloak)
rCorr    .         Harm     .   (no gloves)
MR       .....                  I - +1 pair of boots
Stlth    ++........             (no amulet)
HPRegen  0.20/turn              z - +3 ring of intelligence
MPRegen  0.10/turn              (no ring)

@: short of breath
A: breathe noxious fumes, unfitting armour, poison resistance, cold-blooded, AC
+6
a: Breathe Noxious Fumes, Berserk, Trog's Hand, Burn Spellbooks, Renounce
Religion


You were on level 7 of the Dungeon.
You worshipped Trog.
Trog was pleased with you.
You were hungry.

You visited 2 branches of the dungeon, and saw 8 of its levels.

You collected 331 gold pieces.

Inventory:

Hand Weapons
 a - a +0 spear (weapon)
 c - a +0 spear
 e - a +0 mace
 k - a +0 hunting sling
 l - a +0 whip
 m - a +0 dagger
 q - a +0 hunting sling
 r - a +0 quarterstaff of pain
 x - a +0 trident
 y - a +0 hand axe
 A - a +0 hand axe
 B - a +0 flail
 D - a +0 rapier of venom
 G - a +3 war axe
Missiles
 d - 147 stones
 i - 8 needles of confusion
 o - 45 arrows
 s - 23 poisoned needles (quivered)
Armour
 I - a +1 pair of boots (worn)
Jewellery
 z - a +3 ring of intelligence (left hand)
Wands
 g - a wand of paralysis (14)
 C - a wand of disintegration (8)
 F - a wand of acid (8)
Scrolls
 h - a scroll of remove curse
 n - 3 scrolls of vulnerability {unknown}
 t - 3 scrolls of identify
 u - a scroll of random uselessness
 v - a scroll of fog {unknown}
 H - 3 scrolls of enchant armour
Potions
 j - a potion of brilliance
 p - 2 potions of agility
 J - 2 potions of haste
Comestibles
 b - 8 rations


   Skills:
 + Level 5.2 Fighting
 + Level 6.3 Polearms
 + Level 1.4 Throwing
 + Level 5.6 Dodging
 + Level 1.7 Stealth


You had 6 spell levels left.
You didn't know any spells.

Dungeon Overview and Level Annotations

Branches:
Dungeon (7/15)             Temple (1/1) D:4

Altars:
Ashenzari
Cheibriados
Dithmenos
Elyvilon
Fedhas
Gozag
Hepliaklqana
Kikubaaqudgha
Makhleb
Nemelex Xobeh
Okawaru
Qazlal
Ru
Sif Muna
Trog
Uskayaw
Vehumet
Wu Jian
Xom
Yredelemnul
Zin
The Shining One

Annotations:
D:3 1 transporter


Innate Abilities, Weirdness & Mutations

You can breathe blasts of noxious fumes.
Your lurid green scales are hard. (AC +6)
You cannot fit into any form of body armour.
Your system is resistant to poisons. (rPois)
You are cold-blooded and may be slowed by cold attacks.


Message History

You puncture the hound!
The hound is severely wounded.
The hound bites you but does no damage.
The gnoll sergeant is engulfed in noxious fumes.
The gnoll sergeant appears confused.
You hit the hound.
The hound is almost dead.
The hound barely misses you.
You barely miss the hound.
The hound is almost dead.
The hound bites you but does no damage.
You hit the hound but do no damage. You tail-slap the hound.
The hound explodes!
The fiery explosion engulfs the bullfrog.
The bullfrog is severely wounded.
The fiery explosion engulfs you!
* * * LOW HITPOINT WARNING * * *
Trog accepts your kill.
You are engulfed in blazing flames.
You die...

... .. ... #.#
(. ....> #.##.
#.... ..#./
###..#.##.#F#
##.........#§#
....(.....#@#
###
....#.#..#§#
..#
#.#...g...#
#.#
#.......###
#.# #.......#
#)# ##.....##
#.# #.#####
#.# ##.## ..#
#...#


You could see a bullfrog (inner flame).

Vanquished Creatures
  A phantom (D:7)
  An ogre (D:7)
  A scorpion (D:5)
  A howler monkey (D:7)
  2 vampire bats (D:2)
  2 orc priests (D:3)
  A bullfrog skeleton (D:5)
  4 hounds
  2 centaur skeletons
  An orc wizard (D:3)
  2 iguanas
  2 worker ants
  A hound zombie (D:6)
  A gnoll (D:7)
  7 adders
  2 shadow imps
  An adder skeleton (D:4)
  2 worms
  6 dart slugs
  6 leopard geckos
  12 orcs
  3 bat skeletons (D:2)
  A bat zombie (D:2)
  2 giant cockroaches
  7 goblins
  7 hobgoblins
  8 jackals (D:3)
  8 kobolds
  3 quokkas
  10 bats
  10 frilled lizards
  11 rats
128 creatures vanquished.

Notes
Turn   | Place    | Note
-------+----------+-------------------------------------------
     0 | D:1      | Moonlightfire the Draconian Berserker began the quest for the Orb.
     0 | D:1      | Reached XP level 1. HP: 19/19 MP: 1/1
   147 | D:1      | Reached XP level 2. HP: 26/26 MP: 2/2
   658 | D:1      | Reached XP level 3. HP: 24/33 MP: 3/3
  1048 | D:2      | Reached ** piety under Trog
  1169 | D:2      | Reached skill level 1 in Throwing
  1409 | D:2      | Reached XP level 4. HP: 25/40 MP: 4/4
  1742 | D:2      | Found an ancient bone altar of Kikubaaqudgha.
  1795 | D:2      | Reached skill level 4 in Polearms
  1829 | D:2      | Reached XP level 5. HP: 45/46 MP: 5/5
  1906 | D:2      | Found an iron altar of Okawaru.
  2757 | D:3      | Found a transporter.
  2762 | D:3      | Found a transporter.
  2965 | D:3      | Reached XP level 6. HP: 36/52 MP: 6/6
  3762 | D:4      | Found a shadowy altar of Dithmenos.
  3779 | D:4      | Reached *** piety under Trog
  3812 | D:4      | Reached skill level 5 in Polearms
  4365 | D:4      | Found a shattered altar of Ashenzari.
  4418 | D:4      | Found a staircase to the Ecumenical Temple.
  4629 | Temple   | Entered the Ecumenical Temple
  4964 | D:5      | Entered Level 5 of the Dungeon
  4976 | D:5      | Found a sacrificial altar of Ru.
  5016 | D:5      | Your scales start taking on a lurid green colour.
  5016 | D:5      | Reached XP level 7. HP: 23/60 MP: 7/7
  5016 | D:5      | Gained mutation: Your system is resistant to poisons. (rPois) [Green Draconian growth]
  5167 | D:5      | Found an ornate altar of the Wu Jian Council.
  5172 | D:5      | Found an opulent altar of Gozag.
  5172 | D:5      | Found a glowing silver altar of Zin.
  5556 | D:6      | Reached skill level 5 in Dodging
  5556 | D:6      | Reached skill level 1 in Stealth
  5887 | D:7      | Reached skill level 5 in Fighting
  5887 | D:7      | Reached skill level 6 in Polearms
  6321 | D:7      | HP: 3/61 [gnoll sergeant/spear (6)]
  6387 | D:7      | Engulfed by a cloud of flame

Skill      XL: |  1  2  3  4  5  6  7 |
---------------+----------------------+-----
Dodging        | 3 4 5 |  5.6
Throwing       | 1 |  1.4
Polearms       | 4 5 6 |  6.3
Fighting       | 4 5 |  5.2
Stealth        | 1 |  1.7

Action                   |  1- 3 |  4- 6 |  7- 9 || total
-------------------------+-------+-------+-------++-------
Melee: Spear             |   119 |   322 |   178 ||   619
       Tailslap          |     8 |    38 |    23 ||    69
Throw: Stone             |    45 |    15 |       ||    60
Invok: Trog's Hand       |       |     6 |     5 ||    11
       Berserk           |       |     3 |     1 ||     4
 Abil: Breathe Noxious F |       |       |     5 ||     5
  Use: Potion            |       |     9 |     5 ||    14
       Scroll            |       |     5 |    12 ||    17
 Stab: Sleeping          |       |       |     1 ||     1
  Eat: Ration            |       |     5 |     2 ||     7
       Chunk             |       |     2 |       ||     2
Armor: Skin              |    46 |   144 |    71 ||   261
Dodge: Dodged            |   108 |   342 |   187 ||   637
